Map: Dusk Towers

Players

rickb - Winner!

  • Race: Terran Terran
  • League: Platinum

blackxored

  • Race: Zerg Zerg
  • League: Platinum

VOD

Have the link to the VOD?

Description

Time

  • Played on: June 25, 2016, 7:08 p.m.
  • Length: 24:42
Show
View Real Time Build Order
Export as new Build Order

rickb Terran - Winner!

Build Orders: Liberator Opening, Mech 

Get SALT Encoding   

  12  0:01  SCV  
  13  0:13  SCV  
  14  0:17  Supply Depot  
  14  0:25  SCV  
  15  0:29  Refinery  
  15  0:41  Barracks  
  15  0:45  SCV  
  17  0:57  SCV  
  17  1:09  SCV  
  18  1:21  SCV  
  19  1:30  Reaper  
  20  1:33  SCV  
  21  1:41  Command Center  
  21  1:46  SCV  
  22  1:54  Supply Depot  
  22  1:58  SCV  
  24  2:23  Supply Depot  
  24  2:24  Orbital Command  
  24  2:28  Refinery  
  23  2:32  Factory  
  23  2:55  Orbital Command  
  23  2:57  SCV  
  24  2:59  Reaper  
  25  3:07  Factory  
  25  3:09  SCV  
  26  3:14  Supply Depot  
  26  3:21  SCV  
  26  3:22  Starport  
  26  3:25  Widow Mine  
  29  3:33  SCV  
  30  3:43  SCV  
  30  3:45  SCV  
  30  3:46  Reaper, Liberator  
  33  3:55  SCV, Factory Tech Lab  
  34  3:56  Factory Tech Lab  
  34  4:05  SCV  
  34  4:07  SCV  
  34  4:09  Refinery  
  39  4:11  Refinery  
  39  4:17  SCV  
  39  4:22  Supply Depot  
  38  4:40  Infernal Pre-Igniter  
  38  4:41  Hellion x2  
  42  4:47  Engineering Bay  
  42  4:53  Supply Depot  
  42  4:57  Reaper  
  42  4:59  SCV x2  
  45  5:07  Supply Depot  
  45  5:11  Siege Tank  
  51  5:16  Hellion  
  51  5:20  Factory  
  50  5:24  Factory, Liberator  
  50  5:29  SCV x2  
  52  5:36  Reaper, Command Center  
  52  5:38  Hellion  
  58  6:04  Siege Tank x2  
  61  6:15  Hellion  
  61  6:16  Hellion  
  65  6:20  Supply Depot x2  
  65  6:23  SCV  
  66  6:29  SCV  
  67  6:35  SCV  
  68  6:41  SCV  
  68  6:44  Hellion, Siege Tank  
  68  6:45  Siege Tank  
  68  6:46  Hellion  
  79  6:47  SCV  
  79  6:51  Armory  
  79  6:53  SCV, Armory  
  81  6:59  Missile Turret  
  81  7:13  Factory Tech Lab  
  81  7:14  Factory Tech Lab  
  81  7:23  Factory  
  81  7:25  Factory  
  81  7:34  Marine  
  82  7:49  Terran Vehicle And Ship Armor Level 1, Terran Vehicle Weapons Level 1  
  82  7:51  Thor  
  82  7:52  Siege Tank  
  82  7:53  Hellion  
  82  7:54  Hellion  
  95  8:15  Hellion x2  
  99  8:25  Hellion  
  99  8:34  Hellion  
  99  8:36  Hellion, Liberator  
  101  8:51  Siege Tank x2  
  101  8:52  Hellion x2  
  110  8:55  Siege Tank  
  110  8:57  Hellion  
  89  9:19  Liberator  
  89  9:20  Planetary Fortress  
  89  9:23  SCV x2  
  91  9:35  SCV x2  
  91  9:37  Refinery  
  96  9:41  Refinery  
  96  9:47  SCV x2, Terran Vehicle Weapons Level 2  
  96  9:48  Terran Vehicle And Ship Armor Level 2  
  96  9:50  Missile Turret  
  96  9:51  Hellion x2  
  96  9:52  Hellion x4  
  110  9:59  SCV  
  112  10:00  SCV  
  112  10:04  Command Center  
  112  10:11  SCV  
  112  10:12  Hellion, SCV x2  
  117  10:24  Supply Depot  
  117  10:25  Supply Depot  
  117  10:26  Supply Depot  
  117  10:32  Supply Depot  
  117  10:34  Supply Depot  
  117  10:46  Hellion x2, SCV  
  122  10:55  Supply Depot  
  122  10:57  Thor x3  
  122  10:58  SCV  
  140  11:10  SCV  
  137  11:22  SCV  
  96  11:33  Thor  
  102  11:40  Thor x2  
  111  11:55  Siege Tank  
  111  11:58  Hellion x2  
  111  11:59  SCV  
  119  12:02  Supply Depot  
  119  12:04  Supply Depot  
  119  12:08  Terran Vehicle Weapons Level 3  
  119  12:11  SCV x2  
  119  12:13  SCV  
  122  12:16  Siege Tank, SCV  
  126  12:23  Siege Tank x2, SCV x2  
  134  12:35  SCV  
  135  12:41  Siege Tank  
  135  12:42  Hellion x2  
  142  12:48  Hellion, SCV  
  145  12:52  SCV  
  145  12:55  Refinery x2  
  145  12:56  Missile Turret  
  146  12:59  Siege Tank  
  146  13:00  SCV x2  
  146  13:04  SCV x2  
  153  13:06  Supply Depot  
  153  13:09  Liberator  
  153  13:12  SCV x2  
  155  13:16  SCV x2  
  157  13:24  SCV  
  157  13:25  SCV  
  162  13:28  Terran Vehicle And Ship Armor Level 3, SCV  
  162  13:31  Siege Tank  
  162  13:32  Siege Tank x3  
  162  13:33  Factory Tech Lab  
  162  13:34  Factory Tech Lab  
  175  13:36  SCV  
  175  13:37  SCV  
  175  13:41  SCV  
  178  13:48  SCV  
  178  13:49  SCV  
  178  13:52  Liberator  
  180  14:03  Siege Tank  
  180  14:04  Hellion x3  
  165  14:29  Siege Tank x5  
  180  14:32  SCV  
  180  14:36  Siege Tank  
  184  14:44  SCV  
  185  14:56  SCV  
  183  15:01  Siege Tank  
  183  15:02  Hellion x4  
  194  15:08  SCV  
  194  15:13  Hellion  
  197  15:20  SCV  
  181  15:23  Hellion  
  166  15:34  SCV  
  151  15:46  SCV  
  152  15:54  Command Center  
  152  15:55  Thor x6  
  188  15:58  SCV  
  188  16:02  Terran Ship Weapons Level 1  
  188  16:04  Command Center  
  189  16:11  SCV  
  190  16:23  SCV  
  190  16:24  Refinery  
  191  16:27  Refinery  
  191  16:29  Refinery  
  191  16:33  Refinery  
  188  16:44  Starport  
  188  16:46  Starport  
  185  17:14  Siege Tank x5  
  200  17:25  Starport Reactor x2  
  200  17:30  Starport Reactor  
  200  17:40  Planetary Fortress  
  200  18:12  Terran Ship Weapons Level 2  
  131  18:40  Siege Tank  
  131  18:41  Siege Tank x5  
  122  18:44  Planetary Fortress  
  125  18:48  Missile Turret  
  125  18:55  Missile Turret  
  125  18:56  SCV  
  126  19:03  Viking x4  
  126  19:08  SCV  
  135  19:16  Siege Tank x3  
  135  19:17  Siege Tank x2  
  150  19:18  Hellion  
  150  19:20  SCV  
  153  19:32  SCV  
  153  19:33  Viking x4  
  162  19:40  Hellion  
  162  19:42  SCV  
  162  19:45  Planetary Fortress  
  165  19:48  Hellion  
  165  19:49  Hellion x4  
  175  20:01  Hellion  
  177  20:10  Hellion x5  
  187  20:22  Hellion  
  189  20:31  Hellion x2  
  189  20:32  Hellion x3  
  183  20:43  Thor  
  177  20:52  Thor  
  177  20:53  Hellion x2  
  183  21:14  Hellion x2  
  183  21:16  SCV  
  186  21:27  Hellion, Command Center  
  186  21:28  SCV  
  186  21:29  Command Center  
  189  21:35  Hellion x2  
  189  21:36  Hellion  
  195  21:40  SCV  
  196  21:52  SCV  
  191  22:03  Viking  
  191  22:04  Viking x3, SCV  
  197  22:17  Refinery  
  197  22:22  Refinery  
  156  22:31  Refinery  
  156  22:34  Refinery  
  143  22:53  Planetary Fortress  
  143  22:56  Missile Turret  
  143  23:00  Siege Tank x2  
  143  23:01  Siege Tank x4  
  149  23:32  Siege Tank  
  144  23:42  Siege Tank  
  144  23:43  Siege Tank x4  
  156  24:03  SCV  
  156  24:04  Siege Tank  
  156  24:06  SCV x2  
  162  24:15  SCV  
  178  24:18  SCV x2  
  180  24:27  SCV  
Show
View Real Time Build Order
Export as new Build Order

blackxored Zerg 

Build Orders: Hatch First 

Get SALT Encoding   

  12  0:01  Drone  
  13  0:08  Drone  
  14  0:18  Overlord  
  14  0:23  Extractor, Drone  
  15  0:41  Drone x2  
  17  0:55  Drone  
  17  0:56  Hatchery  
  17  0:59  Drone  
  18  1:07  Drone  
  18  1:09  Extractor  
  18  1:19  Spawning Pool  
  18  1:20  Drone  
  18  1:30  Drone  
  19  1:40  Overlord  
  19  1:50  Drone  
  20  2:06  Zergling x2  
  20  2:08  Queen x2  
  23  2:09  Zergling x2  
  26  2:25  Hatchery  
  25  2:37  Drone x3  
  25  2:38  Drone x2  
  30  2:57  Metabolic Boost  
  30  3:00  Drone x4  
  30  3:04  Overlord  
  34  3:11  Pneumatized Carapace  
  34  3:16  Queen  
  36  3:23  Drone x2  
  36  3:24  Drone x2  
  40  3:35  Zergling x8  
  40  3:40  Overlord x2  
  43  3:47  Queen  
  45  3:54  Queen  
  47  4:12  Roach Warren, Drone x3  
  47  4:13  Extractor  
  48  4:26  Drone x2  
  50  4:38  Drone x10  
  60  4:41  Extractor  
  60  4:42  Extractor  
  58  4:47  Drone  
  59  4:56  Extractor  
  59  4:58  Extractor  
  57  5:03  Lair  
  57  5:09  Drone x2  
  57  5:11  Drone x7  
  57  5:13  Overlord x2  
  66  5:19  Evolution Chamber  
  66  5:20  Drone  
  66  5:22  Drone, Evolution Chamber  
  66  5:31  Overlord x3  
  62  5:39  Drone  
  62  5:41  Spore Crawler  
  60  5:57  Spore Crawler  
  60  6:01  Drone x11  
  67  6:07  Drone  
  64  6:14  Zerg Missile Weapons Level 1, Zerg Ground Armor Level 1  
  64  6:19  Drone x2  
  64  6:20  Drone  
  64  6:24  Drone x2  
  69  6:26  Drone  
  70  6:35  Drone  
  70  6:37  Spire  
  70  6:57  Glial Reconstitution  
  70  6:58  Queen  
  72  7:03  Infestation Pit  
  72  7:05  Drone x14  
  86  7:22  Roach x4  
  94  7:27  Drone  
  94  7:28  Drone x2  
  96  7:38  Hatchery  
  96  7:43  Roach x2  
  96  7:44  Roach  
  101  7:47  Hive  
  101  7:58  Roach x2  
  105  8:07  Ravager  
  105  8:08  Overlord x4  
  105  8:11  Zerg Ground Armor Level 2, Zerg Missile Weapons Level 2  
  104  8:32  Roach  
  104  8:33  Roach x13  
  122  8:45  Roach x8  
  132  8:54  Roach  
  132  8:55  Roach  
  109  9:04  Roach x3  
  109  9:09  Queen, Roach  
  102  9:17  Ravager x5  
  102  9:18  Ravager  
  102  9:19  Roach x3  
  112  9:26  Queen  
  112  9:27  Queen  
  116  9:38  Roach x5  
  126  9:45  Queen  
  126  9:52  Drone x5  
  133  9:56  Ravager x8  
  141  10:04  Drone x3  
  141  10:06  Overlord x3  
  144  10:23  Queen  
  144  10:28  Roach x10  
  166  10:33  Overlord x2  
  166  10:35  Zerg Ground Armor Level 3, Zerg Missile Weapons Level 3  
  166  10:39  Drone x2  
  168  10:56  Spire  
  167  10:57  Ultralisk Cavern  
  167  11:00  Extractor  
  165  11:05  Extractor  
  165  11:08  Drone x2  
  165  11:09  Extractor  
  165  11:11  Hatchery  
  164  11:13  Extractor  
  159  11:24  Hatchery  
  150  11:26  Roach x7  
  150  11:27  Roach x10  
  139  12:15  Roach x15  
  151  12:35  Corruptor  
  151  12:36  Corruptor x5  
  163  12:41  Ravager x3  
  163  12:43  Chitinous Plating  
  166  12:46  Zerg Flyer Armor Level 1  
  166  12:57  Drone x8  
  174  13:02  Drone x3  
  177  13:09  Overseer  
  177  13:14  Drone x7  
  177  13:18  Queen  
  186  13:22  Viper x3  
  195  13:29  Evolution Chamber  
  195  13:31  Evolution Chamber  
  195  13:33  Evolution Chamber  
  163  14:14  Roach x10  
  163  14:15  Roach x7  
  129  14:23  Roach  
  129  14:24  Roach x3  
  126  14:38  Roach x6  
  130  14:39  Roach  
  130  14:40  Zerg Flyer Weapons Level 1  
  122  14:51  Ravager x3  
  120  14:58  Roach x6  
  120  15:11  Roach x5  
  115  15:21  Roach  
  115  15:22  Roach x4  
  115  15:26  Roach  
  110  15:46  Viper  
  110  15:48  Roach x3  
  119  15:52  Drone x3  
  119  15:54  Hatchery  
  121  16:06  Roach x2  
  121  16:07  Roach x2  
  126  16:13  Spore Crawler  
  126  16:16  Spore Crawler  
  120  16:38  Drone x7  
  127  17:06  Ultralisk  
  127  17:07  Ultralisk  
  139  17:09  Drone  
  140  17:20  Drone  
  140  17:21  Drone  
  142  17:34  Ultralisk  
  142  17:35  Zergling x2  
  149  17:40  Zerg Melee Weapons Level 1  
  149  17:43  Extractor  
  149  17:44  Ravager x4  
  150  17:45  Ravager  
  150  17:48  Extractor  
  124  18:33  Roach x16  
  128  18:47  Ultralisk  
  134  19:14  Hatchery  
  133  19:22  Ultralisk  
  139  19:33  Adrenal Glands  
  139  19:44  Drone x2  
  141  19:48  Drone  
  142  19:56  Extractor  
  142  19:59  Extractor, Ravager x4  
  146  20:00  Ravager x5  
  149  20:15  Zergling x6  
  149  20:17  Overlord  
  150  20:41  Ultralisk  
  137  20:58  Ultralisk  
  137  21:02  Viper x2  
  104  21:07  Drone x3  
  107  21:16  Zergling x2  
  107  21:17  Zergling x6  
  111  21:30  Roach x3  
  105  21:57  Ultralisk  
  105  21:59  Zergling x2  
  70  22:14  Ultralisk  
  70  22:23  Zergling x10  
  70  22:29  Zergling x2  
  73  22:36  Drone  
  52  22:49  Zergling x6  
  54  23:22  Drone x4  
  50  23:46  Zergling x12  
  30  24:04  Drone  
  30  24:05  Drone x4  
  35  24:17  Drone x2  
  35  24:22  Drone x2  
Tags
 
Add a new tag
Caveats
  • Supply blocks, unpowered buildings, or Contaminate may cause inaccurate times.
  • Supply counts are checked every 10 seconds.